 Dungeon Crawl Stone Soup version 0.21.1-1-g345015f (webtiles) character file.

156 rz the Digger (level 5, 0/28 HPs)
             Began as a Gargoyle Earth Elementalist on Apr 8, 2018.
             Slain by kevinmalk212's ghost (6 damage)
             ... on level 4 of the Dungeon.
             The game lasted 00:04:56 (4012 turns).

rz the Digger (Gargoyle Earth Elementalist)         Turns: 4012, Time: 00:04:57

Health: 0/28       AC:  9    Str:  9 (12) XL:     5   Next: 37%
Magic:  3/10       EV: 12    Int: 13 (16) God:
Gold:   104        SH:  0    Dex:  9 (10) Spells: 7/11 levels left

rFire    . . .     SeeInvis .   a - +0 whip
rCold    . . .     Gourm    .   (no shield)
rNeg     + + .     Faith    .   p - +2 robe {rN+}
rPois    ∞         Spirit   .   (no helmet)
rElec    +         Reflect  .   o - +0 cloak
rCorr    .         Harm     .   (no gloves)
MR       .....                  (no boots)
Stlth    ++........             (no amulet)
HPRegen  0.09/turn              (no ring)
MPRegen  0.12/turn              (no ring)

@: no status effects
A: negative energy resistance 1, electricity resistance, unbreathing,
petrification resistance, rot immunity, AC +4
a: no special abilities


You were on level 4 of the Dungeon.
You were not hungry.

You visited 1 branch of the dungeon, and saw 4 of its levels.

You collected 104 gold pieces.

Inventory:

Hand Weapons
 a - a +0 whip (weapon)
Missiles
 b - 116 stones (quivered)
Armour
 c - a +0 robe
 g - a +0 buckler
 o - a +0 cloak (worn)
 p - a +2 robe of positive energy (worn)
Jewellery
 u - an uncursed amulet of the gourmand {unknown}
Scrolls
 h - 4 scrolls of remove curse {unknown}
 j - a scroll of fear {unknown}
 m - a scroll of immolation {unknown}
 q - a scroll of enchant weapon {unknown}
 s - a scroll of magic mapping {unknown}
Potions
 f - a potion of mutation {unknown}
 i - a potion of resistance {unknown}
 k - a potion of curing {unknown}
 n - a potion of brilliance {unknown}
 r - a potion of haste {unknown}
 t - a potion of ambrosia {unknown}
 v - a potion of berserk rage {unknown}
 w - a potion of cancellation {unknown}
Books
 e - a book of Geomancy

   Spells                             Type                      Level
   a - Sandblast                      Earth                        1
   b - Passwall                       Transmutation/Earth          2
   c - Stone Arrow                    Conjuration/Earth            3
   d - Petrify                        Transmutation/Earth          4
   e - Lee's Rapid Deconstruction     Earth                        5
Comestibles
 d - 3 rations
 l - a chunk of flesh


   Skills:
 - Level 1.5 Dodging
 - Level 2.1 Stealth
 + Level 3.8 Spellcasting
   Level 0.7 Transmutations
 + Level 5.6 Earth Magic


You had 7 spell levels left.
You knew the following spells:

 Your Spells              Type           Power        Failure   Level  Hunger
a - Sandblast             Erth           ###...       1%          1    #......
b - Stone Arrow           Conj/Erth      #.....       21%         3    ###....


Dungeon Overview and Level Annotations

Branches:
Dungeon (4/15)
 Temple: D:4-7

Altars:
Elyvilon

Annotations:
D:4 kevinmalk212's ghost, amateur MiFi


Innate Abilities, Weirdness & Mutations

You are resistant to torment.
Your stone body is resilient. (AC +4)
You are immune to poison.
You resist negative energy. (rN+)
You are resistant to electric shocks. (rElec)
You can survive without breathing.
You are immune to petrification.
You are immune to rotting.


Message History

Kevinmalk212's ghost completely misses you.
Casting: Sandblast
Confirm with . or Enter, or press ? or * to list all spells.
Aiming: Sandblast
Press: ? - help, Shift-Dir - straight line, f/p - kevinmalk212's ghost
Aim: kevinmalk212's ghost (moderately damaged)
The blast of sand hits kevinmalk212's ghost.
Kevinmalk212's ghost is moderately damaged.
b - 117 stones Kevinmalk212's ghost misses you.
Casting: Sandblast
Confirm with . or Enter, or press ? or * to list all spells.
Aiming: Sandblast
Press: ? - help, Shift-Dir - straight line, f/p - kevinmalk212's ghost
Aim: kevinmalk212's ghost (moderately damaged)
The blast of sand hits kevinmalk212's ghost.
Kevinmalk212's ghost is moderately damaged.
b - 116 stones Kevinmalk212's ghost hits you.
You die...

### #.#
... #.#
#W# ##@#
####..###
#......<#
#.##.##.#
# #.##.#
#..#.#
##.#.#
.#.# ...#


You could see kevinmalk212's ghost.

Vanquished Creatures
  A worker ant (D:4)
  4 adders
  An ooze (D:1)
  A worm (D:2)
  2 dart slugs (D:1)
  2 leopard geckos (D:3)
  12 orcs (D:3)
  7 bats
  A giant cockroach (D:1)
  5 goblins
  10 hobgoblins
  9 jackals (D:1)
  A kobold (D:1)
  A quokka (D:2)
  A frilled lizard (D:2)
  6 rats
64 creatures vanquished.

Notes
Turn   | Place    | Note
-------+----------+-------------------------------------------
     0 | D:1      | rz the Gargoyle Earth Elementalist began the quest for the Orb.
     0 | D:1      | Reached XP level 1. HP: 10/10 MP: 3/3
   156 | D:1      | Reached skill level 4 in Earth Magic
   156 | D:1      | Reached XP level 2. HP: 15/15 MP: 1/5
   461 | D:1      | Reached XP level 3. HP: 13/19 MP: 1/6
   476 | D:1      | Learned a level 3 spell: Stone Arrow
  1398 | D:2      | Reached XP level 4. HP: 13/24 MP: 2/8
  2209 | D:3      | Reached skill level 5 in Earth Magic
  2853 | D:3      | Found a white marble altar of Elyvilon.
  3366 | D:3      | Reached XP level 5. HP: 21/28 MP: 5/10
  4002 | D:4      | Noticed kevinmalk212's ghost (amateur MiFi)
  4012 | D:4      | Slain by kevinmalk212's ghost

Skill      XL: |  1  2  3  4 |
---------------+-------------+-----
Earth Magic    | 4 5 |  5.6
Spellcasting   | 3 |  3.8
Dodging        | |  1.5
Stealth        | |  2.1
Transmutations | |  0.7

Action                   |  1- 3 |  4- 6 || total
-------------------------+-------+-------++-------
Melee: Unarmed           |    11 |       ||    11
       Whip              |    81 |   118 ||   199
 Cast: Sandblast         |    24 |    23 ||    47
       Stone Arrow       |       |     9 ||     9
  Use: Potion            |       |     1 ||     1
 Stab: Sleeping          |     3 |     1 ||     4
  Eat: Chunk             |     1 |    10 ||    11
Armor: Robe              |    52 |    48 ||   100
Dodge: Dodged            |   108 |    84 ||   192
